 Dungeon Crawl Stone Soup version 0.30-a0-728-gc68057be0a (webtiles) character file.

Game seed: 13607050648715540528

24 IdlyInterested the Cutter (level 2, 0/22 HPs)
             Began as a Demonspawn Gladiator on Jan 31, 2023.
             Slain by an ufetubus (2 damage)
             ... on level 2 of the Dungeon.
             The game lasted 00:02:03 (1188 turns).

IdlyInterested the Cutter (Demonspawn Gladiator)    Turns: 1188, Time: 00:02:03

Health: 0/22       AC:  3    Str: 14    XL:     2   Next: 79%
Magic:  2/2        EV:  9    Int:  9    God:
Gold:   28         SH:  0    Dex: 14    Spells: 1/1 levels left

rFire   . . .      SeeInvis .    a - +0 rapier
rCold   . . .      Faith    .    (no shield)
rNeg    + . .      Spirit   .    b - +0 leather armour
rPois   .          Reflect  .    (helmet restricted)
rElec   .          Harm     .    (no cloak)
rCorr   .          Rampage  .    (no gloves)
Will    .....                    (no boots)
Stlth   +                        j - amulet of regeneration
HPRegen 1.03/turn                f - ring of positive energy
MPRegen 0.08/turn                (no ring)

@: lethally poisoned (0 -> -1), constricted
A: antennae 1
a: no special abilities


You were on level 2 of the Dungeon.
You visited 1 branch of the dungeon, and saw 2 of its levels.

You collected 28 gold pieces.

Inventory:

Hand Weapons
 a - a +0 rapier (weapon)
 k - a +0 dagger
Missiles
 d - 3 throwing nets (quivered)
 e - a javelin
Armour
 b - a +0 leather armour (worn)
 i - a +0 plate armour
Jewellery
 f - a ring of positive energy (left hand)
 j - an amulet of regeneration (around neck)
Scrolls
 c - a scroll of fear {unknown}
 g - a scroll of identify {unknown}
 h - a scroll of fog {unknown}
 m - a scroll of noise {unknown}
Potions
 l - a potion of ambrosia {unknown}


   Skills:
 - Level 2.0 Fighting
 * Level 3.4 Short Blades
 - Level 1.7 Throwing
 - Level 1.0 Armour
 - Level 2.6 Dodging
 + Level 0.2 Stealth


You had one spell level left.
You didn't know any spells.
Your spell library contained the following spells:

 Spells                   Type           Power      Damage    Failure   Level
 Apportation              Tloc           0%         N/A       45%         1
 Slow                     Hex            0%         N/A       45%         1
 Confusing Touch          Hex            0%         N/A       83%         3
 Vampiric Draining        Necr           0%         2d6       83%         3
 Alistair's Intoxication  Tmut/Pois      0%         N/A       100%        5


Dungeon Overview and Level Annotations

Branches:
Dungeon (2/15)

Altars:


Innate Abilities, Weirdness & Mutations

You have a pair of small antennae on your head.


Message History

The ufetubus is heavily wounded.
The ufetubus hits you. The ufetubus closely misses you.
The giant cockroach misses you. The ufetubus misses you.
The ufetubus barely misses you.
You closely miss the ufetubus.
The ufetubus is heavily wounded.
The giant cockroach misses you. The ufetubus hits you.
The ufetubus hits you but does no damage.
The giant cockroach closely misses you. The adder barely misses you.
The ufetubus hits you. x2
You barely miss the adder.
The ufetubus hits you. x2; The adder bites you.
The giant cockroach bites you but does no damage.
You closely miss the adder. The ufetubus closely misses you.
The ufetubus hits you but does no damage.
The adder closely misses you. The giant cockroach barely misses you.
The ufetubus closely misses you. x2
You hit the adder.
The adder is heavily wounded.
The giant cockroach waves its antennae.
The giant cockroach barely misses you.
The ufetubus hits you but does no damage.
The ufetubus completely misses you. The adder closely misses you.
You miss the adder.
The adder is heavily wounded.
The giant cockroach bites you but does no damage.
The ufetubus hits you. The ufetubus misses you. The adder bites you.
* * * LOW HITPOINT WARNING * * *
You are poisoned.
The adder poisons you! The ball python closely misses you.
The ball python grabs you. The ball python constricts you.
The ufetubus barely misses you.
The ufetubus hits you but does no damage.
The giant cockroach bites you but does no damage.
You closely miss the adder.
The adder is heavily wounded.
You feel sick. The adder barely misses you. The ball python misses you.
The ball python constricts you. The ufetubus hits you.
* * * LOW HITPOINT WARNING * * *
The ufetubus hits you.
You die...

#########
........#
......S@#{
......SB5...(..
....###........
.>. #........ .
#........
#........
#........
###.#####


You could see an adder, an ufetubus, a giant cockroach and a ball python.

Vanquished Creatures
  2 dart slugs (D:1)
  3 ball pythons
  An endoplasm (D:1)
  4 giant cockroaches (D:1)
  4 goblins (D:1)
  A hobgoblin (D:1)
  2 frilled lizards (D:1)
  A rat (D:1)
18 creatures vanquished.

Notes
Turn   | Place    | Note
-------+----------+-------------------------------------------
     0 | D:1      | IdlyInterested the Demonspawn Gladiator began the quest for
                  | the Orb.
     0 | D:1      | Reached XP level 1. HP: 16/16 MP: 1/1
   124 | D:1      | Reached skill level 3 in Short Blades
   196 | D:1      | Discovered your monstrous ancestry.
   196 | D:1      | Gained mutation: You have a pair of small antennae on your
                  | head. [demonic ancestry]
   196 | D:1      | Reached XP level 2. HP: 14/22 MP: 2/2
   813 | D:1      | Reached skill level 1 in Armour
  1188 | D:2      | Slain by an ufetubus

Illustrated notes

Levels and vault maps discovered:
D:1:      dpeg_arrival_round_c, layout_basic, serial_bayou_pond_c
D:2:      layout_basic, shapermc_ecumenical_altar_totnotflames, uniq_terence

Skill      XL: |  1  2 |
---------------+-------+-----
Short Blades   | 3 |  3.4
Armour         | 1 |  1.0
Fighting       | |  2.0
Throwing       | |  1.7
Dodging        | |  2.6
Stealth        | |  0.2

Action                     || total
---------------------------++-------
  Melee: Rapier            ||    70
   Stab: Sleeping          ||     1
 Armour: Leather armour    ||    25
  Dodge: Dodged            ||    68

Table legend: (Time is in decaauts)
 A = Elapsed time spent in this place.
 B = Non-inter-level travel time spent in this place.
 C = Inter-level travel time spent in this place.
 D = Time resting spent in this place.
 E = Time spent auto-exploring this place.
 F = Levels seen in this place.
 G = Mean time per level.
                   A        B        C        D        E       F      G
               +--------+--------+--------+--------+--------+-----+--------+
         Total |   1199 |   1059 |    140 |    122 |    717 |   2 |  599.5 |
       Dungeon |   1199 |   1059 |    140 |    122 |    717 |   2 |  599.5 |
               +--------+--------+--------+--------+--------+-----+--------+

Top non-repeatable levels by time:
     D:1: 1182 daAuts
     D:2: 17 daAuts
